 Dungeon Sprint DCSS version 0.27-a0-1136-g0b992a5a9d (webtiles) character file.

Game seed: 5841498477311995915

2647 mhtbhm the Arsonist (level 9, 0/51 HPs)
             Began as a Deep Elf Fire Elementalist on May 4, 2021.
             Was the Champion of Vehumet.
             Slain by an eight-headed hydra (1 damage)
             ... in the Dungeon (Sprint VII: "The Pits").
             The game lasted 00:05:28 (2180 turns).

mhtbhm the Arsonist (Deep Elf Fire Elementalist)    Turns: 2180, Time: 00:05:29

Health: 0/51       AC:  3    Str:  5    XL:     9   Next: 36%
Magic:  18/28      EV: 16    Int: 24    God:    Vehumet [******]
Gold:   0          SH:  0    Dex: 15    Spells: 19/35 levels left

rFire    . . .     SeeInvis .   a - +2 quarterstaff (speed)
rCold    . . .     Faith    .   (shield currently unavailable)
rNeg     . . .     Spirit   .   l - +0 robe
rPois    .         Reflect  .   (no helmet)
rElec    .         Harm     .   p - +0 cloak
rCorr    .         Rampage  .   (no gloves)
Will     .....     NoTele   +   (no boots)
Stlth    +++.......             (no amulet)
HPRegen  0.17/turn              (no ring)
MPRegen  0.21/turn              (no ring)

@: hasted, very quick
A: no striking features
a: Renounce Religion


You were in the Dungeon.
You worshipped Vehumet.
Vehumet was exalted by your worship.
You visited 1 branch

Inventory:

Hand Weapons
 a - a +2 quarterstaff of speed (weapon)
 k - a +2 quarterstaff
Armour
 l - a +0 robe (worn)
 p - a +0 cloak (worn)
Jewellery
 j - a +3 ring of strength
 m - a +3 ring of strength
Scrolls
 i - 5 scrolls of amnesia
Potions
 b - 2 potions of invisibility
 c - 10 potions of curing
 d - 7 potions of heal wounds
 f - 2 potions of magic
 g - 3 potions of berserk rage
 n - 2 potions of brilliance
 o - a potion of mutation


   Skills:
 + Level 3.2 Fighting
 + Level 8.4 Staves
 + Level 8.1 Dodging
 + Level 6.2 Stealth
 + Level 13.6 Spellcasting
 + Level 8.4 Conjurations
 + Level 13.6 Fire Magic


You had 19 spell levels left.
You knew the following spells:

 Your Spells              Type           Power      Damage    Failure   Level
a - Foxfire               Conj/Fire      100%       2x1d9     1%          1
b - Conjure Flame         Conj/Fire      62%        6-21      1%          3
c - Inner Flame           Hex/Fire       49%        N/A       1%          3
d - Sticky Flame          Conj/Fire      62%        2d8       1%          4
e - Fireball              Conj/Fire      31%        3d13      1%          5

Your spell library contained the following spells:

 Spells                   Type           Power      Damage    Failure   Level
 Starburst                Conj/Fire      31%        8x6d9     1%          6


Dungeon Overview and Level Annotations

Branches:
Dungeon (1/1)

Altars:
Ashenzari
Cheibriados
Dithmenos
Elyvilon
Fedhas
Gozag
Hepliaklqana
Kikubaaqudgha
Makhleb
Nemelex Xobeh
Okawaru
Qazlal
Ru
Sif Muna
Trog
Uskayaw
Vehumet
Wu Jian
Xom
Yredelemnul
Zin
The Shining One
Beogh
Jiyva
Lugonu


Message History

The blast of flame hits you!!
Unknown command.
Casting: Sticky Flame (safe; 1% risk of failure)
Confirm with . or Enter, or press ? or * to list all spells.
Aiming: Fireball (dangerous; 1% risk of failure)
Press: ? - help, Shift-Dir - straight line, f - lindwurm
Aim: a lindwurm (catching its breath)
The fireball explodes!
The fireball engulfs the lindwurm!
The lindwurm is moderately wounded.
The fireball engulfs the wind drake!!
The wind drake is moderately wounded.
The wind drake hisses angrily.
The fireball engulfs the eight-headed hydra!
The eight-headed hydra is lightly wounded.
The eight-headed hydra roars!
Unknown command.
Unknown command.
Unknown command.
Casting: Fireball (dangerous; 1% risk of failure)
Confirm with . or Enter, or press ? or * to list all spells.
Aiming: Fireball (dangerous; 1% risk of failure)
Press: ? - help, Shift-Dir - straight line, f - eight-headed hydra, p - lindwurm
Aim: an eight-headed hydra (lightly wounded)
The fireball explodes!
The fireball engulfs the eight-headed hydra!!
The eight-headed hydra is heavily wounded.
The fireball engulfs the lindwurm!!
The lindwurm is almost dead.
Unknown command.
Unknown command.
Unknown command.
Okay, then.
You feel yourself speed up. The eight-headed hydra bites you! x2
* * * LOW HITPOINT WARNING * * *
The eight-headed hydra bites you.
* * * LOW HITPOINT WARNING * * *
The eight-headed hydra bites you.
* * * LOW HITPOINT WARNING * * *
The eight-headed hydra bites you.
You die...

##.......##..#...#
##.......##..'..#
##.......##.##..#
#############...+
########## #....#
....#...[##..#..##
....#..[[##.###..##
....'..))####.##..#
....#..))# #..kD@.+
....#..))##...k#..#
############## ####


You could see an eight-headed hydra, a wind drake (repels missiles) and a
lindwurm.

Vanquished Creatures
  A deep elf pyromancer (D)
  A cane toad (D)
  A demonic crawler (D)
  A jumping spider (D)
  A polar bear (D)
  2 redbacks (D)
  A warg (D)
  2 floating eyes (D)
  An ogre (D)
  A wolf (D)
  A scorpion (D)
  2 crimson imps (D)
  An orc priest (D)
  2 orc wizards (D)
  An adder (D)
  A river rat (D)
  2 ufetubi (D)
  7 orcs (D)
  2 jackals (D)
  A quokka (D)
  A ball python skeleton (D)
  A kobold (D)
  A rat (D)
35 creatures vanquished.

Vanquished Creatures (collateral kills)
  A troll (D)
  A fire bat (D)
2 creatures vanquished.

Vanquished Creatures (others)
  19 foxfires (D)
19 creatures vanquished.

Grand Total: 56 creatures vanquished

Notes
Turn   | Place    | Note
-------+----------+-------------------------------------------
     0 | D        | mhtbhm the Deep Elf Fire Elementalist began the quest for
                  | the Orb.
     0 | D        | Reached XP level 1. HP: 10/10 MP: 6/6
    13 | D        | Noticed a floating eye
    15 | D        | Paralysed by a floating eye for 4 turns
    20 | D        | Paralysed by a floating eye for 4 turns
    26 | D        | Killed a floating eye
    27 | D        | Reached XP level 2. HP: 15/15 MP: 0/11
    27 | D        | Reached XP level 3. HP: 19/19 MP: 0/12
    27 | D        | Reached XP level 4. HP: 24/24 MP: 0/14
    33 | D        | Found a bloodstained altar of Trog.
    33 | D        | Found a shimmering blue altar of Sif Muna.
    33 | D        | Found a viscous altar of Jiyva.
    33 | D        | Found a hazy altar of Hepliaklqana.
    33 | D        | Found an opulent altar of Gozag.
    34 | D        | Found a glowing golden altar of the Shining One.
    34 | D        | Found a glowing silver altar of Zin.
    34 | D        | Found a basalt altar of Yredelemnul.
    34 | D        | Found a shimmering altar of Xom.
    34 | D        | Found an ornate altar of the Wu Jian Council.
    34 | D        | Found a sacrificial altar of Ru.
    34 | D        | Found a stormy altar of Qazlal.
    34 | D        | Found an iron altar of Okawaru.
    34 | D        | Found a sparkling altar of Nemelex Xobeh.
    34 | D        | Found a burning altar of Makhleb.
    34 | D        | Found a blossoming altar of Fedhas.
    34 | D        | Found a white marble altar of Elyvilon.
    34 | D        | Found a shadowy altar of Dithmenos.
    34 | D        | Found a snail-covered altar of Cheibriados.
    36 | D        | Found a radiant altar of Vehumet.
    36 | D        | Found a corrupted altar of Lugonu.
    37 | D        | Found a hide-covered altar of Uskayaw.
    37 | D        | Found an ancient bone altar of Kikubaaqudgha.
    37 | D        | Found a broken altar of Ashenzari.
    44 | D        | Became a worshipper of Vehumet
   132 | D        | Learned a level 3 spell: Conjure Flame
   136 | D        | Learned a level 3 spell: Inner Flame
   141 | D        | Learned a level 4 spell: Sticky Flame
   223 | D        | Noticed a floating eye
   241 | D        | Killed a floating eye
   241 | D        | Reached * piety under Vehumet
   241 | D        | Offered knowledge of Shock by Vehumet.
   242 | D        | Reached skill level 5 in Dodging
   242 | D        | Reached XP level 5. HP: 28/28 MP: 9/17
   342 | D        | Learned a level 5 spell: Fireball
   361 | D        | Reached ** piety under Vehumet
   362 | D        | Reached skill level 10 in Fire Magic
   363 | D        | Reached *** piety under Vehumet
   364 | D        | Reached skill level 5 in Stealth
   364 | D        | Reached XP level 6. HP: 21/32 MP: 5/19
   561 | D        | Offered knowledge of Freeze by Vehumet.
   595 | D        | Reached **** piety under Vehumet
   661 | D        | Reached ***** piety under Vehumet
   662 | D        | Reached skill level 1 in Staves
   662 | D        | Reached skill level 10 in Spellcasting
   685 | D        | Offered knowledge of Ignite Poison by Vehumet.
   686 | D        | Reached XP level 7. HP: 24/37 MP: 16/22
   825 | D        | Noticed a fire bat
   832 | D        | Killed a fire bat
   836 | D        | Noticed a troll
   851 | D        | Killed a troll
   852 | D        | Reached skill level 1 in Fighting
   852 | D        | Reached skill level 5 in Conjurations
  1077 | D        | Offered knowledge of Iskenderun's Mystic Blast by Vehumet.
  1266 | D        | Noticed a deep elf pyromancer
  1266 | D        | Noticed a cane toad
  1272 | D        | Killed a cane toad
  1272 | D        | Offered knowledge of Irradiate by Vehumet.
  1273 | D        | Reached skill level 5 in Staves
  1273 | D        | Reached XP level 8. HP: 38/44 MP: 12/25
  1282 | D        | Killed a deep elf pyromancer
  1540 | D        | Noticed a polar bear
  1541 | D        | Offered knowledge of Olgreb's Toxic Radiance by Vehumet.
  1543 | D        | Reached ****** piety under Vehumet
  1544 | D        | Killed a polar bear
  1545 | D        | Reached XP level 9. HP: 49/49 MP: 9/27
  1828 | D        | Noticed a jumping spider
  1830 | D        | Killed a jumping spider
  1835 | D        | Noticed a demonic crawler
  2025 | D        | Killed a demonic crawler
  2025 | D        | Offered knowledge of Starburst by Vehumet.
  2177 | D        | Noticed an eight-headed hydra
  2177 | D        | Noticed a lindwurm
  2177 | D        | Noticed a wind drake
  2180 | D        | HP: 1/51 [eight-headed hydra (3)]
  2180 | D        | Slain by an eight-headed hydra

Illustrated notes

Levels and vault maps discovered:
D:        pitsprint [storerooms_1, entrance_room_1, metal_vault_7, armoury_2,
          mini_pit_1, grid_room_1, main_hall_1, silver_pit, the_coven_1,
          the_vestibule_1, steel_vault_5, golden_pit, hallway_of_sentries,
          crystal_vault_4, iron_vault_2, final_vault]

Skill      XL: |  1  2  3  4  5  6  7  8  9 |
---------------+----------------------------+-----
Dodging        | 4 5 6 7 8 |  8.1
Stealth        | 4 5 6 |  6.2
Spellcasting   | 6 7 8 10 11 12 13 | 13.6
Fire Magic     | 8 9 10 11 12 13 | 13.6
Conjurations   | 2 3 4 6 7 8 |  8.4
Staves         | 1 5 7 8 |  8.4
Fighting       | 2 3 |  3.2

Action                   |  1- 3 |  4- 6 |  7- 9 || total
-------------------------+-------+-------+-------++-------
Melee: Quarterstaff      |       |    50 |       ||    50
 Cast: Foxfire           |     7 |     9 |       ||    16
       Sticky Flame      |       |     6 |    10 ||    16
       Fireball          |       |     7 |    22 ||    29
  Use: Potion            |       |     1 |     3 ||     4
       Scroll            |       |       |     2 ||     2
Armor: Robe              |       |     4 |     2 ||     6
Dodge: Dodged            |       |    25 |     8 ||    33

Table legend: (Time is in decaauts)
 A = Elapsed time spent in this place.
 B = Non-inter-level travel time spent in this place.
 C = Inter-level travel time spent in this place.
 D = Time resting spent in this place.
 E = Time spent auto-exploring this place.
 F = Levels seen in this place.
 G = Mean time per level.
                   A        B        C        D        E       F      G
               +--------+--------+--------+--------+--------+-----+--------+
         Total |   2172 |   2172 |      0 |   1574 |      0 |   1 | 2172.0 |
       Dungeon |   2172 |   2172 |      0 |   1574 |      0 |   1 | 2172.0 |
               +--------+--------+--------+--------+--------+-----+--------+

Top non-repeatable levels by time:
       D: 2172 daAuts
